 Dungeon Crawl Stone Soup version 0.29-a0-845-g6161e89988 (webtiles) character file.

Game seed: 1469826635065137598

14786 DolGuldur the Basher (level 11, -24/100 HPs)
             Began as a Minotaur Fighter on July 15, 2022.
             Annihilated by a death yak simulacrum (40 damage)
             ... in an ice cave.
             The game lasted 00:54:56 (10075 turns).

DolGuldur the Basher (Minotaur Fighter)            Turns: 10075, Time: 00:54:57

Health: -24/100    AC: 27    Str: 23    XL:     11   Next: 93%
Magic:  10/10      EV: 13    Int:  5    God:
Gold:   506        SH:  0    Dex: 12    Spells: 10/10 levels left

rFire   + . .      SeeInvis .   Q - +2 dire flail (protect)
rCold   . . .      Faith    .   (shield currently unavailable)
rNeg    . . .      Spirit   .   L - +2 plate armour {rF+}
rPois   .          Reflect  .   f - +0 hat
rElec   .          Harm     .   r - +0 cloak
rCorr   .          Rampage  .   (no gloves)
Will    .....                   s - +0 pair of boots
Stlth   ..........              (no amulet)
HPRegen 0.26/turn               k - +4 ring of evasion
MPRegen 0.12/turn               l - +4 ring of slaying

@: under a protective aura
A: horns 2, retaliatory headbutt
a: no special abilities


You were in an ice cave.
You visited 1 branch of the dungeon, and saw 12 of its levels.
You also visited: Ice Cave.

You collected 576 gold pieces.
You spent 70 gold pieces at shops.

Inventory:

Hand Weapons
 e - a +6 eveningstar of holy wrath
 B - a +0 lajatang
 D - the +9 spear of Bokkyurgh {pain, rF+ rC- Int+2 Dex+2}
   (You found it on level 7 of the Dungeon)

   In the hands of one skilled in necromantic magic, it inflicts extra damage on
   living creatures.
   Int:       It affects your intelligence (+2).
   Dex:       It affects your dexterity (+2).
   rF:        It protects you from fire.
   rC:        It makes you vulnerable to cold.
 O - a +6 spear of freezing
 Q - a +2 dire flail of protection (weapon)
Missiles
 N - a throwing net (quivered)
Armour
 b - a +0 scale mail
 c - a +0 buckler
 f - a +0 hat (worn)
 r - a +0 cloak (worn)
 s - a +0 pair of boots (worn)
 L - a +2 plate armour of fire resistance (worn)
 R - a +2 robe of cold resistance
Jewellery
 k - a +4 ring of evasion (left hand)
 l - a +4 ring of slaying (right hand)
 C - an amulet of faith
 P - a ring of ice
Wands
 q - a wand of polymorph (6)
 v - a wand of iceblast (9)
 x - a wand of acid (10)
Scrolls
 m - 4 scrolls of fear
 n - 3 scrolls of torment
 o - 7 scrolls of teleportation
 p - 2 scrolls of enchant weapon
 w - 3 scrolls of fog
 y - a scroll of summoning {unknown}
 A - a scroll of immolation {unknown}
 E - 4 scrolls of noise
 F - 2 scrolls of magic mapping {unknown}
 I - 2 scrolls of enchant armour {unknown}
 K - a scroll of amnesia {unknown}
 S - a scroll of identify
Potions
 a - a potion of mutation {unknown}
 d - a potion of might
 g - a potion of cancellation
 h - a potion of invisibility
 i - 2 potions of resistance
 j - a potion of ambrosia {unknown}
 t - 2 potions of magic {unknown}
 u - a potion of heal wounds {unknown}
 z - 2 potions of brilliance
 G - 2 potions of lignification {unknown}
 H - a potion of berserk rage
 J - 2 potions of degeneration {unknown}
 M - a potion of attraction {unknown}


   Skills:
 + Level 10.3 Fighting
 + Level 14.8 Maces & Flails
 + Level 11.6 Armour
 + Level 4.7 Dodging
 + Level 2.1 Stealth
 + Level 9.4 Shields


You had 10 spell levels left.
You didn't know any spells.
Your spell library contained the following spells:

 Spells                   Type           Power      Damage    Failure   Level
 Apportation              Tloc           0%         N/A       99%         1
 Beastly Appendage        Tmut           0%         N/A       99%         1
 Wereblood                Tmut           0%         N/A       100%        2
 Ignite Poison            Fire/Tmut/Pois 0%         N/A       100%        3
 Inner Flame              Hex/Fire       0%         N/A       100%        3
 Mephitic Cloud           Conj/Pois/Air  0%         N/A       100%        3
 Spider Form              Tmut/Pois      0%         N/A       100%        3
 Animate Armour           Summ/Erth      0%         N/A       100%        4
 Cause Fear               Hex            0%         N/A       100%        4
 Alistair's Intoxication  Tmut/Pois      0%         N/A       100%        5
 Blade Hands              Tmut           0%         N/A       100%        5
 Freezing Cloud           Conj/Ice/Air   0%         6-21      100%        5
 Iron Shot                Conj/Erth      0%         9d1       100%        6
 Discord                  Hex            0%         N/A       100%        8


Dungeon Overview and Level Annotations

Branches:
Dungeon (12/15)              Lair (0/6) D:8             Orc (0/2) D:12
  IceCv (1/1)
 Temple: D:4-7

Altars:
Gozag
Qazlal
Uskayaw

Shops:
D:5 ?   D:8 [   D:9 *   D:10 (


Innate Abilities, Weirdness & Mutations

You have a pair of horns on your head.
You reflexively headbutt those who attack you in melee.


Message History

Found an ice covered gate leading back out of this place.
There is an ice choked empty arch of ancient stone here.
The wolf simulacrum barely misses you.
You puncture the polar bear simulacrum!
Your weapon exudes an aura of protection.
You headbutt the polar bear simulacrum.
The polar bear simulacrum is severely damaged.
The polar bear simulacrum bites you but does no damage.
The polar bear simulacrum claws you but does no damage.
The polar bear simulacrum closely misses you.
You impale the polar bear simulacrum!!
The polar bear simulacrum vaporises!
The wolf simulacrum barely misses you.
You bludgeon the wolf simulacrum!!
The wolf simulacrum vaporises!
You thump the death yak simulacrum!
The death yak simulacrum is moderately damaged.
You puncture the death yak simulacrum!
The death yak simulacrum is heavily damaged.
The death yak simulacrum closely misses you. x2
You hit the death yak simulacrum.
The death yak simulacrum is severely damaged.
You hit the death yak simulacrum.
The death yak simulacrum is severely damaged.
The death yak simulacrum gores you! The death yak simulacrum freezes you!!
You puncture the death yak simulacrum!
The death yak simulacrum is moderately damaged.
The death yak simulacrum gores you. The death yak simulacrum freezes you!!
* * * LOW HITPOINT WARNING * * *
You hit the death yak simulacrum.
The death yak simulacrum is heavily damaged.
You hit the death yak simulacrum but do no damage.
The death yak simulacrum is severely damaged.
The death yak simulacrum gores you but does no damage. x2
You impale the death yak simulacrum!!
The death yak simulacrum vaporises!
The death yak simulacrum gores you!
* * * LOW HITPOINT WARNING * * *
The death yak simulacrum freezes you!!!
You die...

#####
##...##
##..∩..##
#.......#
#...∩...#
##.....##
##...##
#.Z@#
##...#
#...#
...##
...##
#..## ##.
##


You could see a death yak simulacrum.

Vanquished Creatures
  A boulder beetle (D:11)
  Fannar (D:11)
  2 two-headed ogres
  Urug (D:11)
  Pikel (D:7)
  A cyclops (D:12)
  A manticore (D:11)
  Joseph (D:9)
  A gargoyle (D:10)
  2 komodo dragons (D:8)
  2 ice devils (D:12)
  A troll (D:12)
  Grinder (D:3)
  13 yaks
  2 shadows
  4 wyverns
  2 vampire mosquitoes (D:11)
  A death yak simulacrum (IceCv)
  3 water moccasins (D:8)
  5 orc warriors
  2 ice beasts
  3 black bears (D:8)
  A sky beast (D:6)
  5 ogres
  2 centaurs
  3 lemures (D:7)
  7 bullfrogs
  3 necrophages
  5 gnoll sergeants
  4 scorpions
  3 wights (D:7)
  18 killer bees
  4 howler monkeys
  2 jellies (D:6)
  2 hounds
  6 orc priests
  2 gnoll boudas
  5 iguanas
  8 orc wizards
  A polar bear simulacrum (IceCv)
  A wolf simulacrum (IceCv)
  Robin (D:4)
  6 adders
  31 gnolls
  An ufetubus (D:5)
  2 worms
  A dart slug (D:2)
  50 orcs
  5 endoplasms
  3 giant cockroaches
  25 goblins
  12 hobgoblins
  4 jackals (D:1)
  7 kobolds
  3 quokkas
  9 ball pythons
  3 bats
  3 frilled lizards
  5 rats
304 creatures vanquished.

Vanquished Creatures (others)
  An orc wizard (D:5)
  An orc (D:9)
  18 fungi (D:8)
  14 plants (D:8)
34 creatures vanquished.

Grand Total: 338 creatures vanquished

Notes
Turn   | Place    | Note
-------+----------+-------------------------------------------
     0 | D:1      | DolGuldur the Minotaur Fighter began the quest for the Orb.
     0 | D:1      | Reached XP level 1. HP: 19/19 MP: 0/0
    79 | D:1      | Reached XP level 2. HP: 5/27 MP: 1/1
   639 | D:1      | Reached XP level 3. HP: 27/33 MP: 2/2
  1057 | D:2      | Reached skill level 3 in Maces & Flails
  1270 | D:2      | Reached skill level 1 in Dodging
  1270 | D:2      | Reached XP level 4. HP: 40/40 MP: 3/3
  1433 | D:2      | Reached skill level 4 in Maces & Flails
  1867 | D:3      | Noticed Grinder
  1915 | D:3      | Paralysed by Grinder for 3 turns
  1921 | D:3      | Paralysed by Grinder for 2 turns
  1923 | D:3      | Killed Grinder
  1924 | D:3      | Reached skill level 5 in Maces & Flails
  1924 | D:3      | Reached skill level 5 in Armour
  1924 | D:3      | Reached XP level 5. HP: 23/47 MP: 4/4
  1924 | D:3      | Reached XP level 6. HP: 26/53 MP: 5/5
  2429 | D:4      | Noticed Robin
  2515 | D:4      | HP: 2/53 [Robin/+0 club (5)]
  2516 | D:4      | Killed Robin
  2810 | D:4      | You fall into a shaft and drop 1 floor!
  2810 | D:5      | Entered Level 5 of the Dungeon
  2827 | D:5      | Reached XP level 7. HP: 60/60 MP: 6/6
  2828 | D:5      | Reached skill level 6 in Maces & Flails
  2833 | D:5      | Reached skill level 5 in Fighting
  3060 | D:5      | Reached skill level 5 in Shields
  3233 | D:5      | Found Notus's Magic Scroll Shoppe.
  3241 | D:5      | Bought a scroll of identify for 20 gold pieces
  3241 | D:5      | Bought a scroll of teleportation for 30 gold pieces
  3241 | D:5      | Bought a scroll of identify for 20 gold pieces
  3307 | D:5      | Reached skill level 7 in Maces & Flails
  3307 | D:5      | Reached XP level 8. HP: 64/69 MP: 7/7
  3795 | D:6      | Reached skill level 1 in Stealth
  3868 | D:6      | Reached skill level 8 in Maces & Flails
  4195 | D:6      | Reached skill level 9 in Maces & Flails
  4359 | D:6      | Reached XP level 9. HP: 65/78 MP: 8/8
  4560 | D:7      | Identified the +9 spear of Bokkyurgh {pain, rF+ rC- Int+2
                  | Dex+2}
  5009 | D:7      | Noticed Pikel
  5018 | D:7      | Killed Pikel
  5019 | D:7      | Reached skill level 10 in Maces & Flails
  5050 | D:7      | Found a stormy altar of Qazlal.
  5050 | D:7      | Found a hide-covered altar of Uskayaw.
  5483 | D:8      | Noticed a two-headed ogre
  5485 | D:8      | Found a staircase to the Lair.
  5485 | D:8      | Noticed a komodo dragon
  5485 | D:8      | Noticed a komodo dragon
  5494 | D:8      | Reached skill level 11 in Maces & Flails
  5496 | D:8      | Reached XP level 10. HP: 86/86 MP: 9/9
  5501 | D:8      | Killed a two-headed ogre
  6087 | D:8      | Found Noirruch's Armour Emporium.
  6127 | D:8      | Reached skill level 12 in Maces & Flails
  7063 | D:9      | Found an opulent altar of Gozag.
  7067 | D:9      | Found Gozag's Platinum Reserve.
  7309 | D:9      | Noticed Joseph
  7324 | D:9      | Killed Joseph
  7325 | D:9      | Reached skill level 13 in Maces & Flails
  7490 | D:9      | Reached XP level 11. HP: 79/97 MP: 10/10
  7589 | D:10     | Entered Level 10 of the Dungeon
  8147 | D:10     | Noticed a two-headed ogre
  8162 | D:10     | Killed a two-headed ogre
  8163 | D:10     | Reached skill level 10 in Armour
  8309 | D:10     | Found Bulorir's Antique Weapon Emporium.
  8648 | D:11     | Noticed Fannar
  8662 | D:11     | Killed Fannar
  8974 | D:11     | Reached skill level 14 in Maces & Flails
  8981 | D:11     | Noticed a boulder beetle
  9028 | D:11     | Killed a boulder beetle
  9029 | D:11     | Reached skill level 10 in Fighting
  9032 | D:11     | Noticed Urug
  9047 | D:11     | Killed Urug
  9796 | D:12     | Found a staircase to the Orcish Mines.
  9895 | D:12     | Found a frozen archway.
 10061 | IceCv    | Entered an ice cave
 10075 | IceCv    | Annihilated by a death yak simulacrum

Illustrated notes

Levels and vault maps discovered:
D:1:      spicycebolla_arrival_transporter_tutorial, layout_basic
D:2:      minmay_door_path, layout_loops_ring, chequers_garden
D:3:      layout_basic, lemuel_tele_altar, serial_forest,
          infiniplex_forest_straight_4, infiniplex_forest_lined_room_2,
          infiniplex_forest_corner_1, infiniplex_forest_straight_3,
          infiniplex_forest_straight_2, infiniplex_forest_lined_ring,
          infiniplex_forest_end_1, chequers_serial_rivers_room_a,
          minmay_starry_boxes, uniq_grinder
D:4:      layout_loops_ring, nzn_wu_jian_council_hall, serial_rivers,
          chequers_serial_rivers_micro_d, chequers_serial_rivers_small_b,
          chequers_serial_rivers_small_3, chequers_serial_rivers_micro_e,
          chequers_serial_rivers_large_a,
          nicolae_concentric_dashed_squares_mild, uniq_robin
D:5:      layout_cave_pools, serial_shops, shop, grunt_ministairs_10,
          sigmund_army
D:6:      layout_basic
D:7:      layout_loops_cross, gammafunk_temple_overflow_elements,
          minmay_temple_entry_fiery, uniq_pikel
D:8:      layout_gridville, due_lair_maze_entry_diamond, serial_shops,
          kennysheep_mini_moat, nicolae_fountain_basement
D:9:      layout_layer_cave, nicolae_gozag_zags_fifth_avenue, uniq_joseph
D:10:     layout_loops_corners, serial_shops, nicolae_square_shop, special_room
          [special_room_orc], enter_bailey_3, minmay_nine_imps
D:11:     layout_cross, uniq_fannar, uniq_urug
D:12:     layout_basic, orc_0_dummy, portal_ice_cave_demonic_guard,
          minmay_misc_feat_more_columns
IceCv:    ice_cave_small_necro

Skill      XL: |  1  2  3  4  5  6  7  8  9 10 11 |
---------------+----------------------------------+-----
Armour         | 4 5 6 8 9 11 | 11.6
Shields        | 4 5 6 7 8 9 |  9.4
Fighting       | 4 5 6 7 9 10 | 10.3
Maces & Flails | 3 5 7 9 11 13 14 | 14.8
Dodging        | 1 2 3 4 |  4.7
Stealth        | 1 2 |  2.1

Action                   |  1- 3 |  4- 6 |  7- 9 | 10-12 || total
-------------------------+-------+-------+-------+-------++-------
Melee: Flail             |    91 |    99 |   242 |   246 ||   678
       Headbutt          |     7 |    19 |    56 |    79 ||   161
       Dire flail        |       |       |       |   112 ||   112
  Use: Scroll            |       |       |     7 |     3 ||    10
       Potion            |       |       |       |     2 ||     2
Armor: Scale mail        |    38 |    42 |    66 |    16 ||   162
       Plate armour      |       |       |       |   106 ||   106
Dodge: Dodged            |    58 |    71 |   179 |   221 ||   529
Block: Buckler           |    21 |    37 |    71 |    64 ||   193

Table legend: (Time is in decaauts)
 A = Elapsed time spent in this place.
 B = Non-inter-level travel time spent in this place.
 C = Inter-level travel time spent in this place.
 D = Time resting spent in this place.
 E = Time spent auto-exploring this place.
 F = Levels seen in this place.
 G = Mean time per level.
                   A        B        C        D        E       F      G
               +--------+--------+--------+--------+--------+-----+--------+
         Total |  10029 |   4792 |   5237 |   2994 |      0 |  13 |  771.5 |
       Dungeon |  10020 |   4783 |   5237 |   2994 |      0 |  12 |  835.0 |
      Ice Cave |      9 |      9 |      0 |      0 |      0 |   1 |    9.0 |
               +--------+--------+--------+--------+--------+-----+--------+

Top non-repeatable levels by time:
     D:8: 1380 daAuts
    D:10: 1029 daAuts
     D:1: 995 daAuts
     D:5: 976 daAuts
    D:11: 931 daAuts
     D:7: 898 daAuts
     D:3: 877 daAuts
     D:9: 759 daAuts
     D:6: 742 daAuts
     D:2: 572 daAuts
    D:12: 444 daAuts
     D:4: 410 daAuts
   IceCv: 9 daAuts
